Map: Acid Plant LE

Players

CCCP

  • Race: Protoss Protoss
  • League: Gold
  • Spawn Location: 11:00

BEDOPEAR - Winner!

  • Race: Protoss Protoss
  • Spawn Location: 5:00

VOD

Have the link to the VOD?

Description

Time

  • Played on: May 6, 2018, 12:03 a.m.
  • Length: 6:05
Show
View Real Time Build Order
Export as new Build Order

CCCP Protoss 

Build Orders:  

Get SALT Encoding   

  12  0:01  Probe  
  13  0:13  Probe  
  14  0:19  Pylon  
  14  0:25  Probe  
  15  0:29  Assimilator  
  15  0:40  Probe  
  15  0:41  Gateway  
  15  0:48  Probe  
  17  0:57  Assimilator  
  17  0:58  Probe  
  18  1:12  Gateway  
  18  1:21  Gateway, Probe  
  19  1:30  Probe  
  19  1:34  Pylon  
  20  1:40  Cybernetics Core  
  20  1:42  Probe  
  21  1:56  Probe  
  22  2:13  Pylon  
  22  2:26  Robotics Facility  
  22  2:28  Robotics Facility  
  22  2:36  Probe  
  23  2:40  Adept  
  23  2:43  Adept  
  27  2:47  Warp Gate  
  27  2:54  Probe  
  28  3:03  Gateway  
  28  3:44  Twilight Council  
  28  3:53  Probe  
  29  4:05  Probe  
  28  4:17  Probe  
  27  4:39  Gateway  
  27  4:41  Gateway  
  27  4:46  Shield Battery, Pylon  
  27  4:48  Shield Battery  
  27  4:49  Stalker  
  27  4:50  Stalker  
  31  4:54  Pylon  
  31  5:01  Dark Shrine  
  31  5:04  Pylon  
  31  5:14  Stalker x2  
  29  5:33  Stalker  
  29  5:34  Stalker  
  31  5:44  Stalker  
  20  5:58  Pylon  
  20  5:59  Pylon  
Show
View Real Time Build Order
Export as new Build Order

BEDOPEAR Protoss - Winner!

Build Orders:  

Get SALT Encoding   

  12  0:01  Probe  
  13  0:13  Probe  
  14  0:17  Pylon  
  14  0:23  Probe  
  15  0:31  Probe  
  15  0:38  Gateway  
  15  0:40  Probe  
  16  0:49  Assimilator  
  17  0:51  Probe  
  17  0:55  Assimilator  
  18  0:59  Probe  
  19  1:07  Probe  
  20  1:12  Gateway  
  20  1:18  Probe  
  21  1:25  Cybernetics Core  
  21  1:30  Probe  
  22  1:35  Pylon  
  22  1:42  Probe  
  22  1:45  Warp Gate  
  23  1:54  Probe  
  24  2:04  Stalker x2  
  28  2:11  Pylon  
  28  2:34  Stalker x2  
  32  2:41  Gateway  
  32  2:43  Gateway  
  32  2:57  Pylon  
  32  3:04  Stalker x2  
  36  3:50  Stalker x4  
  35  4:36  Pylon  
  35  4:44  Stalker x3  
  35  4:45  Stalker  
  43  4:52  Probe  
  40  5:31  Stalker  
  40  5:32  Stalker x2  
Tags
 
League
Gold
Matchup
PvP
Spawn Locations
Cross Positions
Add a new tag
Caveats
  • Supply blocks, unpowered buildings, or Contaminate may cause inaccurate times.
  • Supply counts are checked every 10 seconds.